 Dungeon Crawl Stone Soup version 0.30.1-11-g7821555f0a (webtiles) character file.

Game seed: 15287625706577957828

12207 safid the Frost Mage (level 11, -1/93 HPs)
             Began as a Merfolk Ice Elementalist on Oct 30, 2023.
             Was an Elder of Vehumet.
             Slain by a two-headed ogre
             ... wielding a +0 giant club
              (19 damage)
             ... on level 11 of the Dungeon.
             The game lasted 00:26:02 (13585 turns).

safid the Frost Mage (Merfolk Ice Elementalist)    Turns: 13585, Time: 00:26:03

Health: -1/93      AC: 20    Str: 12    XL:     11   Next: 89%
Magic:  23/24      EV: 16    Int: 19    God:    Vehumet [****..]
Gold:   910        SH:  0    Dex: 15    Spells: 17/29 levels left

rFire   . . .        D - +4 quarterstaff "Haddat" {spect, rElec Str+4}
rCold   . . .        (shield currently unavailable)
rNeg    . . .        a - +0 robe
rPois   .            l - +0 helmet
rElec   +            (no cloak)
rCorr   .            p - +0 pair of gloves
SInv    .            z - +2 pair of boots
Will    .....        (no amulet)
Stlth   ++           K - +4 ring of slaying
HPRegen 0.35/turn    y - +4 ring of protection
MPRegen 0.19/turn

%: no passive effects
@: ice-armoured, spiked, freezing walls, studying Maces & Flails
A: (nimble swimmer 2), mertail
a: Renounce Religion


You were on level 11 of the Dungeon.
You worshipped Vehumet.
Vehumet was greatly pleased with you.
You visited 2 branches of the dungeon, and saw 12 of its levels.
You also visited: Ossuary.

You collected 1148 gold pieces.
You spent 238 gold pieces at shops.

Inventory:

Hand Weapons
 f - a +1 dagger of venom
 j - a +4 trident of freezing
 q - a +2 whip of electrocution
 r - a +2 dagger of freezing
 D - the +4 quarterstaff "Haddat" (weapon) {spect, rElec Str+4}
   (You found it on level 9 of the Dungeon)

   Str:       It affects your strength (+4).
   rElec:     It insulates you from electricity.
Missiles
 o - a throwing net
 M - a curare-tipped dart
Armour
 a - a +0 robe (worn)
 l - a +0 helmet (worn)
 p - a +0 pair of gloves (worn)
 z - a +2 pair of boots (worn)
Jewellery
 y - a +4 ring of protection (right hand)
 A - a ring of flight
 C - a +4 ring of protection
 K - a +4 ring of slaying (left hand)
Wands
 s - a wand of mindburst (17)
 B - a wand of flame (28)
 J - a wand of polymorph (11)
Scrolls
 d - 5 scrolls of blinking
 e - 8 scrolls of teleportation
 h - 3 scrolls of fog
 k - 3 scrolls of fear
 n - a scroll of amnesia
 x - 2 scrolls of magic mapping
 F - 3 scrolls of enchant armour
 G - a scroll of summoning
 L - a scroll of torment {unknown}
Potions
 b - 4 potions of lignification
 c - 4 potions of heal wounds
 g - 4 potions of brilliance
 i - 14 potions of curing
 m - a potion of invisibility
 t - a potion of berserk rage
 u - 2 potions of degeneration {unknown}
 v - 2 potions of flight {unknown}
 w - a potion of resistance
 E - 2 potions of haste
 H - a potion of magic
 I - a potion of might {unknown}
 N - 2 potions of mutation {unknown}
 O - a potion of cancellation {unknown}


   Skills:
 + Level 11.0 Fighting
 - Level 8.0 Dodging
 - Level 2.1 Stealth
 + Level 9.6 Spellcasting
 + Level 2.2 Translocations
 + Level 11.9 Ice Magic


You had 17 spell levels left.
You knew the following spells:

 Your Spells              Type           Power      Damage    Failure   Level
a - Freeze                Ice            100%       1d10      1%          1
b - Frozen Ramparts       Ice            100%       1d16      1%          3
c - Ozocubu's Armour      Ice            53%        N/A       1%          3
d - Hailstorm             Conj/Ice       31%        3d8       1%          3
e - Blink                 Tloc           34%        N/A       4%          2

Your spell library contained the following spells:

 Spells                   Type           Power      Damage    Failure   Level
 Fireball                 Conj/Fire      4%         3d4       45%         5
 Summon Ice Beast         Ice/Summ       31%        N/A       7%          4
 Portal Projectile        Hex/Tloc       26%        N/A       14%         3
 Tukima's Dance           Hex            9%         N/A       24%         3
 Manifold Assault         Tloc           17%        N/A       30%         4
 Blade Hands              Tmut           4%         N/A       91%         5
 Storm Form               Tmut/Air       4%         N/A       100%        7


Dungeon Overview and Level Annotations

Branches:
Dungeon (11/15)            Temple (1/1) D:4            Lair (0/5) D:8
Ossuary (visited)
    Orc: D:9-12

Altars:
Ashenzari
Cheibriados
Dithmenos
Elyvilon
Fedhas
Gozag
Hepliaklqana
Kikubaaqudgha
Makhleb
Nemelex Xobeh
Okawaru
Qazlal
Ru
Sif Muna
Trog
Uskayaw
Vehumet
Wu Jian
Xom
Yredelemnul
Zin
The Shining One

Shops:
D:3 *((!!   D:5 ?   D:6 [   D:10 !

Annotations:
D:3 1 runed translucent door, mrw3rdna's ghost, amateur SpEn
D:5 1 runed translucent door, Crazy Yiuf


Innate Abilities, Weirdness & Mutations

((You are very nimble when in or above water. (Stealth+, EV+, Speed+++)))
Your lower body shifts to a powerful aquatic tail in water.


Message History

The two-headed ogre is almost dead.
The wall freezes the sixfirhy.
The wall freezes the killer bee!
The killer bee barely misses you.
The wall freezes the killer bee!
You kill the killer bee!
Vehumet accepts your kill.
Vehumet offers you knowledge of Fireball.
You feel your power returning.
The wall freezes the cyclops!
Two slime creatures merge to form a large slime creature.
The wall freezes the two-headed ogre but does no damage.
The two-headed ogre barely misses you.
The two-headed ogre hits you with a +0 giant club.
The wall freezes the sixfirhy.
The sixfirhy hits you but does no damage.
Unknown command.
Unknown command.
Unknown command.
Unknown command.
Unknown command.
Unknown command.
Unknown command.
You hit the two-headed ogre.
The two-headed ogre is almost dead.
The wall freezes the sixfirhy but does no damage.
The sixfirhy hits you. The sixfirhy shocks you. You resist.
The wall freezes the sixfirhy.
The sixfirhy hits you! The sixfirhy shocks you. You resist.
The wall freezes the sixfirhy but does no damage.
The wall freezes the sixfirhy.
The wall freezes the killer bee!
You kill the killer bee!
Vehumet accepts your kill.
You feel your power returning.
The wall freezes the sixfirhy but does no damage.
The wall freezes the slime creature.
The wall freezes the sixfirhy.
Two slime creatures merge to form an enormous slime creature.
The wall freezes the cyclops!
The wall freezes the two-headed ogre but does no damage.
The two-headed ogre hits you with a +0 giant club!!
* * * LOW HITPOINT WARNING * * *
The two-headed ogre hits you with a +0 giant club!!
You die...

#.#........# ..#.##
#......§§..# ##..#....#
#..§##.§...# #.........
#..#§§##..# ..........
#..§§§.# .# h.H.........
####.##§## # #............#
#....§§##..##
.............TJ##....§.§.....#
............5yCO@.....####....
.O...........4J##3#...# ..
uT...........§ ..†##..#
#9C.........K ###..#..#
.J.......... ####..#
........... #... #.........
##..# ##..#....# #.. #..#....#


You could see an enormous slime creature, a slime creature, a two-headed ogre, a
cyclops, a kobold demonologist, a troll, a sixfirhy (summoned), a chaos spawn
(summoned), a killer bee and an ufetubus.

Vanquished Creatures
  2 two-headed ogres (D:9)
  Pikel (D:6)
  A manticore (D:11)
  2 cyclopes
  Maurice (D:8)
  2 gargoyles
  5 trolls
  A polar bear (D:11)
  Grinder (D:6)
  2 wraiths (D:11)
  3 wyverns
  A shadow (D:9)
  4 yaks (D:9)
  3 vampire mosquitoes
  2 steam dragons (D:8)
  Edmund (D:6)
  Menkaure (D:4)
  An acid dragon (D:10)
  A water moccasin (D:6)
  3 orc warriors
  2 black bears
  2 sky beasts
  An ice beast (D:5)
  2 ogres
  2 centaurs
  A wolf (D:11)
  A lemure (D:6)
  8 kobold brigands
  2 bullfrogs
  A scorpion (D:6)
  A water moccasin zombie (D:7)
  6 wights
  15 killer bees
  8 howler monkeys
  2 centaur zombies (D:7)
  A bullfrog zombie (D:7)
  2 hounds (D:6)
  7 orc priests
  A jelly (D:5)
  3 sleepcaps (D:7)
  Natasha (thrice) (D:2)
  6 iguanas
  10 orc wizards
  2 killer bee zombies (D:7)
  9 mummies
  Robin (D:2)
  6 adders
  2 shadow imps
  2 white imps (D:11)
  2 ufetubi
  3 worms
  4 dart slugs
  20 orcs
  4 ball pythons
  8 endoplasms
  2 giant cockroaches (D:1)
  2 gnoll zombies (Ossuary)
  19 goblins
  16 hobgoblins
  5 jackals
  20 kobolds
  5 quokkas
  4 bats
  5 frilled lizards
  4 hobgoblin zombies
  2 kobold zombies
  2 orc zombies (Ossuary)
  4 rats
278 creatures vanquished.

Vanquished Creatures (others)
  A wizard (D:3)
1 creature vanquished.

Grand Total: 279 creatures vanquished

Notes
Turn   | Place    | Note
-------+----------+-------------------------------------------
     0 | D:1      | safid the Merfolk Ice Elementalist began the quest for the
                  | Orb.
     0 | D:1      | Reached XP level 1. HP: 13/13 MP: 3/3
   140 | D:1      | Reached XP level 2. HP: 20/20 MP: 3/5
   219 | D:1      | Reached skill level 1 in Fighting
   512 | D:1      | Reached XP level 3. HP: 18/26 MP: 1/6
   527 | D:1      | Learned a level 3 spell: Frozen Ramparts
   946 | D:1      | Found a faded altar of an unknown god.
  1116 | D:1      | Learned a level 3 spell: Ozocubu's Armour
  1156 | D:2      | Noticed Robin
  1209 | D:2      | Killed Robin
  1210 | D:2      | Reached skill level 5 in Ice Magic
  1213 | D:2      | Reached XP level 4. HP: 9/33 MP: 1/8
  1419 | D:2      | Noticed Natasha
  1424 | D:2      | Killed Natasha
  1491 | D:2      | Noticed Natasha
  1524 | D:2      | Killed Natasha
  1525 | D:2      | Reached XP level 5. HP: 5/39 MP: 0/9
  1691 | D:2      | Found a burning altar of Makhleb.
  1699 | D:2      | Noticed Natasha
  1707 | D:2      | Killed Natasha
  2296 | D:3      | Found an ornate altar of the Wu Jian Council.
  2329 | D:3      | Noticed mrw3rdna's ghost (amateur SpEn)
  2332 | D:3      | Found a runed translucent door.
  2410 | D:3      | Found Qitoit's Distillery.
  2412 | D:3      | Found Xadghyurph's Distillery.
  2414 | D:3      | Bought a potion of heal wounds for 65 gold pieces
  2442 | D:3      | Learned a level 3 spell: Hailstorm
  2485 | D:3      | HP: 2/41 [orc priest/+0 short sword (1)]
  2487 | D:3      | Reached XP level 6. HP: 3/47 MP: 2/11
  2655 | D:3      | Found a burning altar of Makhleb.
  2656 | D:3      | Found a glowing golden altar of the Shining One.
  2669 | D:3      | Noticed a black bear
  2681 | D:3      | Killed a black bear
  2826 | D:3      | Found Syvid's Antique Weapon Shoppe.
  2878 | D:3      | Found Umoplet's Assorted Antiques.
  2905 | D:3      | Found a bloodstained altar of Trog.
  2907 | D:3      | Noticed a wizard
  2912 | D:3      | Killed a wizard
  2949 | D:3      | Found Nofikih's Weapon Shoppe.
  3603 | D:3      | Bought a potion of curing for 30 gold pieces
  3802 | D:4      | Noticed an orc warrior
  3809 | D:4      | HP: 2/48 [orc warrior/+0 halberd (10)]
  3818 | D:4      | Killed an orc warrior
  3819 | D:4      | Reached XP level 7. HP: 30/55 MP: 3/13
  3927 | D:4      | Found a white marble altar of Elyvilon.
  4084 | D:4      | Noticed Menkaure
  4103 | D:4      | Killed Menkaure
  4762 | D:4      | Reached skill level 5 in Fighting
  4908 | D:4      | Found a staircase to the Ecumenical Temple.
  5039 | Temple   | Entered the Ecumenical Temple
  5092 | Temple   | Became a worshipper of Vehumet
  5145 | D:5      | Entered Level 5 of the Dungeon
  5253 | D:5      | Found a snail-covered altar of Cheibriados.
  5507 | D:5      | Found a transporter.
  5509 | D:5      | Found Kuclor's Magic Scroll Shoppe.
  5544 | D:5      | Reached skill level 5 in Spellcasting
  5544 | D:5      | Reached XP level 8. HP: 44/62 MP: 15/15
  5863 | D:5      | Found a transporter.
  5973 | D:5      | Found a runed translucent door.
  5974 | D:5      | Noticed Crazy Yiuf
  6161 | D:5      | Bought a scroll of identify for 22 gold pieces
  6161 | D:5      | Bought a scroll of identify for 22 gold pieces
  6161 | D:5      | Bought a scroll of identify for 22 gold pieces
  6161 | D:5      | Bought a scroll of noise for 11 gold pieces
  6161 | D:5      | Bought a scroll of teleportation for 33 gold pieces
  6161 | D:5      | Bought a scroll of teleportation for 33 gold pieces
  6226 | D:6      | Noticed Grinder
  6265 | D:6      | Noticed a cyclops
  7227 | D:6      | Reached XP level 9. HP: 71/71 MP: 12/18
  7317 | D:6      | Noticed a troll
  7330 | D:6      | Killed a troll
  7384 | D:6      | Found Hahirole's Antique Armour Shop.
  7422 | D:6      | Killed a cyclops
  7422 | D:6      | Reached * piety under Vehumet
  7422 | D:6      | Offered knowledge of Shock by Vehumet.
  7475 | D:6      | Found a stormy altar of Qazlal.
  7511 | D:6      | Paralysed by Grinder for 2 turns
  7518 | D:6      | Paralysed by Grinder for 5 turns
  7530 | D:6      | Killed Grinder
  7639 | D:6      | Found a broken altar of Ashenzari.
  7834 | D:6      | Noticed Edmund
  7835 | D:6      | Found a sacrificial altar of Ru.
  7847 | D:6      | Killed Edmund
  7965 | D:6      | Reached skill level 5 in Dodging
  8188 | D:6      | Noticed Pikel
  8196 | D:6      | Killed Pikel
  8197 | D:6      | Reached XP level 10. HP: 66/82 MP: 14/21
  8277 | D:6      | You fall into a shaft and drop 2 floors!
  8323 | D:8      | Noticed Maurice
  8338 | D:8      | Killed Maurice
  8339 | D:8      | Reached skill level 10 in Ice Magic
  8617 | D:7      | Found a sand-covered staircase.
  8631 | Ossuary  | Entered an ossuary
  9118 | D:7      | Reached ** piety under Vehumet
  9124 | D:7      | Offered knowledge of Sandblast by Vehumet.
 10425 | D:8      | Found an opulent altar of Gozag.
 10462 | D:8      | Offered knowledge of Stone Arrow by Vehumet.
 10632 | D:8      | Found an iron altar of Okawaru.
 10900 | D:8      | Found a staircase to the Lair.
 11049 | D:8      | Found a glowing silver altar of Zin.
 11215 | D:9      | Reached XP level 11. HP: 77/89 MP: 21/23
 11256 | D:9      | Found the +6 shillelagh "Devastator" {shatter}
 11271 | D:9      | Noticed a two-headed ogre
 11562 | D:9      | Noticed a two-headed ogre
 11572 | D:9      | Killed a two-headed ogre
 11642 | D:9      | Reached skill level 10 in Fighting
 11756 | D:9      | Reached *** piety under Vehumet
 11901 | D:9      | Killed a two-headed ogre
 12203 | D:9      | Offered knowledge of Iskenderun's Mystic Blast by Vehumet.
 12265 | D:9      | Identified the +4 quarterstaff "Haddat" {spect, rElec
                  | Str+4}
 12381 | D:10     | Entered Level 10 of the Dungeon
 12534 | D:10     | Found Jaehuh's Distillery.
 12616 | D:10     | Learned a level 2 spell: Blink
 12986 | D:11     | Reached skill level 1 in Translocations
 13093 | D:11     | Noticed a cyclops
 13098 | D:11     | Noticed a two-headed ogre
 13099 | D:11     | Noticed a manticore
 13099 | D:11     | Noticed a purple ugly thing
 13151 | D:11     | Noticed a cyclops
 13178 | D:11     | Killed a cyclops
 13257 | D:11     | Killed a manticore
 13551 | D:11     | Reached **** piety under Vehumet
 13576 | D:11     | Noticed a two-headed ogre
 13579 | D:11     | Noticed a sixfirhy
 13584 | D:11     | Offered knowledge of Fireball by Vehumet.
 13585 | D:11     | Slain by a two-headed ogre

Illustrated notes

Levels and vault maps discovered:
D:1:      nzn_arrival_settlement, layout_loops_ring,
          shapermc_ecumenical_altar_mp_vishouse, kennysheep_nondescript
D:2:      layout_basic, basic_altar, uniq_robin, uniq_natasha
D:3:      layout_basic, nicolae_overflow_crystal_walls, trog_wizard,
          nicolae_overflow_squiral, hellmonk_ghost_happy_afterlife,
          serial_shops, shop, nicolae_shop_industrial_runoff,
          nicolae_shop_pleasant_corner_grove, nicolae_shop_behind_doors,
          nicolae_shop_bloodbath_and_beyond
D:4:      layout_basic, elyvilon_altar_5, temple_hall, bh_walls_and_bars,
          uniq_menkaure
D:5:      layout_loops_ring, mainiacjoe_overflow_six_doors_small, serial_shops,
          nicolae_shop_drivethru, uniq_crazy_yiuf_cottage
D:6:      cheibrodos_fzero, layout_cave_pods, nicolae_qazlal_beasts_of_the_sky,
          mainiacjoe_overflow_chevrons, mainiacjoe_overflow_brackets,
          serial_shops, nicolae_shop_overgrown_old_shop, uniq_edmund,
          uniq_grinder, uniq_pikel
D:7:      layout_basic, serial_undead, serial_undead_a, serial_undead_b,
          serial_undead_c, serial_undead_c, nicolae_ossuary_entry_giza
D:8:      layout_cave_pools, amcnicky_altar_gilded,
          mainiacjoe_overflow_boulevard, zin_statuary, lair_entry_dummy,
          uniq_maurice
D:9:      layout_roguey, dilly_guarded_unrand_devastator
D:10:     layout_cave_pools, serial_shops, nicolae_shop_industrial_runoff,
          minmay_misc_feat_roman
D:11:     minmay_four_partial_circles, layout_basic,
          gammafunk_ghost_nasty_kobolds, serial_ice, serial_ice_d, serial_ice_o,
          serial_ice_h, serial_ice_f, serial_ice_g, serial_ice_b
Temple:   eino_wide_crystal_templ

Skill      XL: |  1  2  3  4  5  6  7  8  9 10 11 |
---------------+----------------------------------+-----
Fighting       | 1 2 3 4 5 6 8 9 11 | 11.0
Ice Magic      | 5 6 7 8 9 10 11 | 11.9
Spellcasting   | 3 4 5 6 7 8 9 |  9.6
Dodging        | 5 8 |  8.0
Translocations | 2 |  2.2
Stealth        | |  2.1

Action                     |  1- 3 |  4- 6 |  7- 9 | 10-12 || total
---------------------------+-------+-------+-------+-------++-------
  Melee: Unarmed           |     5 |       |       |       ||     5
         Punch             |     2 |     1 |     4 |     7 ||    14
         Club              |    41 |       |       |       ||    41
         Dagger            |    20 |   100 |   258 |    39 ||   417
         Whip              |       |       |       |   254 ||   254
         Quarterstaff      |       |       |       |    53 ||    53
   Cast: Freeze            |    35 |    25 |     9 |     2 ||    71
         Frozen Ramparts   |     2 |     8 |    33 |    36 ||    79
         Ozocubu's Armour  |     1 |     4 |    22 |    34 ||    61
         Hailstorm         |       |     3 |       |       ||     3
    Use: Potion            |     1 |     2 |     2 |     1 ||     6
         Scroll            |       |       |    11 |     6 ||    17
   Stab: Sleeping          |     3 |     6 |     6 |     3 ||    18
 Armour: Robe              |    23 |    24 |   106 |   170 ||   323
  Dodge: Dodged            |    69 |    72 |   138 |   382 ||   661
